 Dungeon Crawl Stone Soup version 0.31-a0-978-g1e143483b6 (webtiles) character file.

Game seed: 14722545265203617195

13206 Fodor the Basher (level 11, -21/97 HPs)
             Began as a Minotaur Fighter on Oct 30, 2023.
             Was an Initiate of Gozag.
             Demolished by a white ugly thing (34 damage)
             ... on level 10 of the Dungeon.
             The game lasted 00:59:48 (10291 turns).

Fodor the Basher (Minotaur Fighter)                Turns: 10291, Time: 00:59:50

Health: -21/97     AC: 19    Str: 24    XL:     11   Next: 72%
Magic:  10/10      EV: 18    Int:  5    God:    Gozag
Gold:   1233       SH:  0    Dex: 11    Spells: 10/10 levels left

rFire   . . .        O - +3 broad axe (heavy)
rCold   . . .        (no shield)
rNeg    . . .        P - +5 plate armour {Will+}
rPois   .            (helmet currently unavailable)
rElec   .            x - melded +0 cloak
rCorr   .            (gloves currently unavailable)
SInv    .            (boots currently unavailable)
Will    +....        n - amulet of the acrobat Stlth
                     E - +5 ring of evasion
HPRegen 0.36/turn    w - +5 ring of evasion
MPRegen 0.12/turn

%: acrobat
@: beast-form
A: beast (slay +2), horns 2, retaliatory headbutt
a: Begin Untransformation, Renounce Religion, Potion Petition, Call Merchant,
Bribe Branch


You were on level 10 of the Dungeon.
You worshipped Gozag.
Gozag was most pleased with you.
You were a hulking beast.
You visited 2 branches of the dungeon, and saw 11 of its levels.
You also visited: Bailey.

You collected 2551 gold pieces.
You spent 1244 gold pieces at shops.
You paid 74 gold pieces to Gozag.

Inventory:

Hand Weapons
 r - the +3 dire flail of the Scavenger {freeze, Str+3 Int+2 Stlth+}
   (You found it in a bailey)

   Str+3:     It affects your strength (+3).
   Int+2:     It affects your intelligence (+2).
   Stlth+:    It makes you more stealthy.
 G - a +0 battleaxe
 H - a +4 great sword of freezing
 K - a +0 shortbow
 O - a +3 heavy broad axe (weapon)
Missiles
 u - 3 curare-tipped darts
 y - 13 boomerangs (quivered)
 F - 5 javelins
 J - 15 poisoned darts
 T - 4 darts of dispersal
Armour
 c - a +0 buckler
 q - an orb of mayhem
 x - a +0 cloak (melded)
 P - a +5 plate armour of willpower (worn)
Jewellery
 m - a ring of fire
 n - an amulet of the acrobat (around neck)
 w - a +5 ring of evasion (right hand)
 D - an amulet of guardian spirit
 E - a +5 ring of evasion (left hand)
Talismans
 b - a beast talisman (active)
 h - a talisman of death
 k - a maw talisman
 S - a serpent talisman
Wands
 A - a wand of flame (6)
 U - a wand of mindburst (6)
Scrolls
 e - 5 scrolls of teleportation
 f - a scroll of vulnerability
 g - 7 scrolls of fog
 l - 2 scrolls of fear
 o - 3 scrolls of immolation
 s - 2 scrolls of acquirement
 v - 2 scrolls of amnesia
 C - 3 scrolls of butterflies
 I - 2 scrolls of blinking
 W - a scroll of revelation
Potions
 a - 3 potions of attraction {unknown}
 d - 2 potions of might
 i - 4 potions of lignification
 j - 10 potions of ambrosia
 p - 2 potions of heal wounds {unknown}
 t - 3 potions of curing
 z - 2 potions of resistance
 B - 4 potions of brilliance
 M - a potion of magic {unknown}
 N - a potion of mutation {unknown}
 Q - a potion of enlightenment {unknown}
 R - a potion of berserk rage


   Skills:
 + Level 9.2 Fighting
 + Level 7.8 Long Blades
 + Level 8.5(11.2) Axes
 + Level 10.8(12.0) Maces & Flails
 + Level 3.9(6.6) Polearms
 + Level 2.5 Throwing
 + Level 9.5 Armour
 + Level 4.4 Dodging
 + Level 1.7 Stealth
 + Level 5.3 Shields
 + Level 4.3 Shapeshifting


You had 10 spell levels left.
You didn't know any spells.
Your spell library contained the following spells:

 Spells                   Type           Power      Damage    Failure   Level
 Sandblast                Erth           0%         2d4       99%         1
 Ensorcelled Hibernation  Hex/Ice        0%         N/A       100%        2
 Jinxbite                 Hex            0%         N/A       100%        2
 Passwall                 Tmut/Erth      0%         N/A       100%        2
 Stone Arrow              Conj/Erth      0%         3d7       100%        3
 Anguish                  Hex/Necr       0%         N/A       100%        4
 Brom's Barrelling Bould  Conj/Erth      0%         2d3       100%        4


Dungeon Overview and Level Annotations

Branches:
Dungeon (10/15)            Temple (1/1) D:4          Bailey (visited)
   Lair: D:8-11         Orc: D:9-12

Altars:
Ashenzari
Cheibriados
Dithmenos
Elyvilon
Fedhas
Gozag
Hepliaklqana
Kikubaaqudgha
Makhleb
Nemelex Xobeh
Okawaru
Qazlal
Ru
Sif Muna
Trog
Uskayaw
Vehumet
Wu Jian
Xom
Yredelemnul
Zin
The Shining One

Shops:
D:1 *[*?   D:8 :=!


Innate Abilities, Weirdness & Mutations

You are a hulking beast.
Your limbs bulge with bestial killing power. (Slay +2)
You have a pair of horns on your head.
You reflexively headbutt those who attack you in melee.


Message History

The white ugly thing gurgles horribly!
Found 8 gold pieces.
You completely miss the white ugly thing.
The white ugly thing headbutts you but does no damage.
You slice the white ugly thing!!
The white ugly thing is heavily wounded.
The white ugly thing headbutts you but does no damage. x2
You barely miss the white ugly thing.
The white ugly thing is heavily wounded.
The white ugly thing headbutts you but does no damage.
The white ugly thing misses you.
You completely miss the white ugly thing.
The white ugly thing is heavily wounded.
The white ugly thing misses you. You furiously retaliate!
You headbutt the white ugly thing. You slash the white ugly thing!
The white ugly thing is severely wounded.
The white ugly thing closely misses you.
You furiously retaliate!
You headbutt the white ugly thing!
The white ugly thing closely misses you.
You barely miss the white ugly thing.
The white ugly thing is almost dead.
The white ugly thing headbutts you. The white ugly thing freezes you!!
You completely miss the white ugly thing.
Your headbutt misses the white ugly thing.
The white ugly thing is almost dead.
The white ugly thing closely misses you.
The white ugly thing headbutts you. The white ugly thing freezes you!!
You closely miss the white ugly thing.
The white ugly thing is almost dead.
The white ugly thing headbutts you but does no damage.
The white ugly thing headbutts you. The white ugly thing freezes you!!
* * * LOW HITPOINT WARNING * * *
You barely miss the white ugly thing. You headbutt the white ugly thing.
The white ugly thing is almost dead.
The white ugly thing headbutts you.
* * * LOW HITPOINT WARNING * * *
The white ugly thing freezes you!!
You die...
Your body crumbles into a pile of gold.

## ###+### ..
##..#..## ..
##..#.#..## ##
##..#...#..##
#..#..#..#..#
#.#..#.#).#h#
+#..#...#..#u..$#
#.#..#.#..#.#.###
#..#).#..#..#...
##+ ##))#...#..##
#+# #.##
##..#.#..##
.#.######..#..##
.#)##.#####'###
.#.#.#.###[))##


You could see a white ugly thing.

Vanquished Creatures
  An orc warlord (Bailey)
  3 two-headed ogres
  Pikel (D:5)
  Jeremiah (D:6)
  A gargoyle (D:9)
  A kobold demonologist (D:10)
  A troll (D:10)
  A queen bee (D:9)
  A hornet (D:10)
  10 yaks
  A shadow (D:10)
  A wraith (D:10)
  A steam dragon (D:6)
  An acid dragon (D:10)
  3 water moccasins
  14 orc warriors
  2 sky beasts (D:7)
  2 black bears (D:6)
  2 centaurs
  An ogre (D:4)
  A phantom (D:4)
  2 kobold brigands
  2 gnoll sergeants
  2 bullfrogs
  7 scorpions
  14 wights
  35 killer bees
  7 howler monkeys
  2 jellies
  A hound (D:6)
  A gnoll bouda (D:7)
  6 orc priests
  6 iguanas
  Natasha (D:2)
  12 orc wizards
  18 gnolls
  6 adders
  A shadow imp (D:7)
  4 white imps
  4 ufetubi (D:5)
  4 worms
  A dart slug (D:2)
  30 orcs
  7 endoplasms
  2 giant cockroaches
  36 goblins
  27 hobgoblins
  2 jackals (D:1)
  11 kobolds
  3 quokkas
  3 ball pythons
  9 bats
  3 frilled lizards
  8 rats
327 creatures vanquished.

Notes
Turn   | Place    | Note
-------+----------+-------------------------------------------
     0 | D:1      | Fodor the Minotaur Fighter began the quest for the Orb.
     0 | D:1      | Reached XP level 1. HP: 19/19 MP: 0/0
    86 | D:1      | Found Qonuq's Antique Armour Boutique.
   120 | D:1      | Reached XP level 2. HP: 27/27 MP: 1/1
   199 | D:1      | Found Uxecowua's General Store.
   289 | D:1      | Found Impygy's Magic Scroll Boutique.
   388 | D:1      | Reached XP level 3. HP: 33/33 MP: 2/2
   427 | D:1      | Found Haal's Assorted Antiques.
   932 | D:1      | Bought a scroll of identify for 20 gold pieces
  1314 | D:2      | Noticed Natasha
  1320 | D:2      | Killed Natasha
  1321 | D:2      | Reached XP level 4. HP: 35/41 MP: 3/3
  1886 | D:3      | Found a faded altar of an unknown god.
  2008 | D:3      | Noticed a scorpion
  2014 | D:3      | Killed a scorpion
  2015 | D:3      | Reached XP level 5. HP: 25/47 MP: 4/4
  2237 | D:3      | Found a basalt altar of Yredelemnul.
  2264 | D:3      | Reached skill level 5 in Axes
  2679 | D:4      | Reached skill level 5 in Fighting
  2679 | D:4      | Reached skill level 1 in Dodging
  2679 | D:4      | Reached XP level 6. HP: 56/56 MP: 5/5
  3093 | D:4      | Found a staircase to the Ecumenical Temple.
  3099 | D:4      | Reached skill level 5 in Armour
  3099 | D:4      | Reached skill level 1 in Shapeshifting
  3128 | Temple   | Entered the Ecumenical Temple
  3132 | Temple   | Became a worshipper of Gozag Ym Sagoz the Greedy
  3201 | D:4      | Reached XP level 7. HP: 59/61 MP: 6/6
  3548 | D:1      | Bought a gold wand for 72 gold pieces
  3548 | D:1      | Bought a fuming golden potion for 16 gold pieces
  3548 | D:1      | Bought a scroll labelled AMIOPA NIROJ for 18 gold pieces
  3548 | D:1      | Bought an orange potion for 16 gold pieces
  3593 | D:1      | Bought a scroll of identify for 20 gold pieces
  3593 | D:1      | Bought a scroll of butterflies for 40 gold pieces
  3600 | D:1      | Bought a scroll of identify for 22 gold pieces
  3730 | D:5      | Entered Level 5 of the Dungeon
  4472 | D:5      | Noticed Pikel
  4480 | D:5      | Killed Pikel
  4481 | D:5      | Reached skill level 1 in Maces & Flails
  4481 | D:5      | Reached XP level 8. HP: 50/70 MP: 7/7
  4715 | D:6      | Noticed Jeremiah
  4736 | D:6      | Killed Jeremiah
  4737 | D:6      | Reached skill level 2 in Maces & Flails
  4737 | D:6      | Reached skill level 5 in Shields
  5254 | D:6      | Identified the +0 robe of Green Knowledge {Harm *Corrode
                  | +Blink rC- Dex+8}
  5465 | D:6      | Reached skill level 3 in Maces & Flails
  5465 | D:6      | Reached XP level 9. HP: 77/77 MP: 8/8
  5522 | D:6      | Reached skill level 1 in Polearms
  5883 | D:6      | Found a hide-covered altar of Uskayaw.
  5886 | D:6      | Found a white marble altar of Elyvilon.
  5894 | D:6      | Found a stormy altar of Qazlal.
  6217 | D:7      | Found a flagged portal.
  6274 | Bailey   | Entered a bailey
  6402 | Bailey   | Reached skill level 1 in Long Blades
  6402 | Bailey   | Reached skill level 1 in Throwing
  6669 | Bailey   | Reached skill level 5 in Long Blades
  6728 | Bailey   | Noticed an orc warlord
  6739 | Bailey   | Killed an orc warlord
  6740 | Bailey   | Reached XP level 10. HP: 65/86 MP: 9/9
  6778 | Bailey   | Identified the +3 dire flail of the Scavenger {freeze,
                  | Str+3 Int+2 Stlth+}
  6798 | Bailey   | Identified the +2 scale mail "Camya" {Contam rCorr MP+9
                  | Int+4}
  6944 | D:7      | Reached skill level 4 in Maces & Flails
  7818 | D:1      | Bought a shiny plate armour for 780 gold pieces
  8015 | D:8      | Reached skill level 5 in Maces & Flails
  8039 | D:8      | Found Zeymuoch's Distillery.
  8051 | D:8      | Bought a potion of brilliance for 48 gold pieces
  8051 | D:8      | Bought 2 potions of curing for 72 gold pieces
  8051 | D:8      | Bought a potion of resistance for 120 gold pieces
  8082 | D:8      | Found a snail-covered altar of Cheibriados.
  8094 | D:8      | Found Yxeudel's Book Shoppe.
  8143 | D:8      | Found Jeogyshi's Jewellery Emporium.
  8320 | D:8      | Found a radiant altar of Vehumet.
  8370 | D:8      | Noticed a two-headed ogre
  8378 | D:8      | Killed a two-headed ogre
  8379 | D:8      | Reached skill level 6 in Maces & Flails
  8829 | D:9      | Reached skill level 7 in Maces & Flails
  8882 | D:9      | Noticed a two-headed ogre
  8889 | D:9      | Killed a two-headed ogre
  9008 | D:9      | Reached XP level 11. HP: 78/94 MP: 10/10
  9137 | D:9      | Reached skill level 8 in Maces & Flails
  9395 | D:9      | Found a shadowy altar of Dithmenos.
  9583 | D:9      | Reached skill level 9 in Maces & Flails
  9766 | D:9      | Found an ornate altar of the Wu Jian Council.
  9777 | D:9      | Reached skill level 1 in Stealth
  9821 | D:10     | Entered Level 10 of the Dungeon
  9896 | D:10     | Reached skill level 10 in Maces & Flails
 10155 | D:10     | Noticed a two-headed ogre
 10169 | D:10     | Killed a two-headed ogre
 10282 | D:10     | Noticed a white ugly thing
 10291 | D:10     | Demolished by a white ugly thing

Illustrated notes

Levels and vault maps discovered:
D:1:      dpeg_arrival_brainrot, layout_loops_ring, serial_shops,
          nicolae_shop_advertising_works [nicolae_subvault_shop_adworks],
          shop_fountains, nicolae_shop_tiny_waterfront, nicolae_diamond_shop
D:2:      layout_loops_ring, nrook_mini_vaults, chequers_big_river, uniq_natasha
D:3:      layout_loops_ring, lemuel_round_altar,
          hellmonk_ecumenical_altar_leap_of_faith
D:4:      cheibrodos_greedy_goblins, layout_loops_ring,
          minmay_temple_entry_slanted
D:5:      layout_loops_corners, minivault_4, uniq_pikel
D:6:      layout_basic, minmay_overflow_temple_star_quad,
          serial_co_window_serial, co_window_corner_a, co_window_cross_1,
          co_window_paths_a, co_window_paths_a, co_window_paths_a,
          co_window_paths_b, co_window_corner_a, co_window_corner_b,
          co_window_cross_4, co_window_broadway_a, co_window_corner_b,
          co_window_corner_b, co_window_broadway_c, glass_columns_b,
          glass_columns_b, uniq_jeremiah
D:7:      layout_gridville, enter_bailey_5
D:8:      layout_rooms, overflow_temple_1_default,
          lemuel_coloured_pillars_altar, serial_shops, shop,
          nicolae_square_shop, nicolae_stop_n_shop_2
D:9:      layout_roguey, nicolae_overflow_hidden_temple, lemuel_crystal_altar,
          special_room [special_room_bee]
D:10:     minmay_the_grid_octo_tiled_squarecenter [minmay_the_grid_octo_toaster,
          minmay_the_grid_octo_thin_diamonds, minmay_the_grid_octo_fan_narrow,
          minmay_the_grid_octo_clover,
          minmay_the_grid_square_5x5_megaprize_hollow,
          minmay_the_grid_square_5x5_minibox, minmay_the_grid_square_5x5_corner,
          minmay_the_grid_square_5x5_broken_cross,
          minmay_the_grid_square_5x5_hourglass], layout_loops_ring,
          david_lair_shrubbed, kennysheep_opposing_triangles, uniq_maggie
Temple:   zaba_magenta_temple

Skill      XL: |  1  2  3  4  5  6  7  8  9 10 11 |
---------------+----------------------------------+-----
Fighting       | 4 5 6 7 8 9 |  9.2
Shields        | 4 5 |  5.3
Armour         | 4 5 6 7 8 9 |  9.5
Axes           | 3 4 5 6 7 8 |  8.5
Dodging        | 1 2 3 4 |  4.4
Shapeshifting  | 1 2 3 4 |  4.3
Maces & Flails | 1 3 7 10 | 10.8
Polearms       | 3 |  3.9
Long Blades    | 6 7 |  7.8
Throwing       | 1 2 |  2.5
Stealth        | 1 |  1.7

Action                     |  1- 3 |  4- 6 |  7- 9 | 10-12 || total
---------------------------+-------+-------+-------+-------++-------
  Melee: War axe           |    77 |   113 |    55 |       ||   245
         Headbutt          |     8 |    18 |    28 |    53 ||   107
         Flail             |       |       |    26 |       ||    26
         Trident           |       |       |    33 |       ||    33
         Great sword       |       |       |    84 |     8 ||    92
         Dire flail        |       |       |       |   295 ||   295
         Broad axe         |       |       |       |     9 ||     9
  Throw: Boomerang         |       |     3 |    18 |    10 ||    31
         Javelin           |       |       |     4 |       ||     4
    Use: Scroll            |     2 |     4 |     7 |     8 ||    21
         Potion            |       |       |     3 |       ||     3
   Stab: Distracted        |       |       |       |     3 ||     3
 Armour: Scale mail        |    58 |    15 |       |       ||    73
         Chain mail        |       |    37 |    96 |    20 ||   153
         Plate armour      |       |       |       |   128 ||   128
  Dodge: Dodged            |    56 |    51 |   254 |   333 ||   694
  Block: Buckler           |    17 |    23 |    31 |       ||    71
   Form: Beast             |       |     2 |       |       ||     2
                           |       |     1 |       |       ||     1

Table legend: (Time is in decaauts)
 A = Elapsed time spent in this place.
 B = Non-inter-level travel time spent in this place.
 C = Inter-level travel time spent in this place.
 D = Time resting spent in this place.
 E = Time spent auto-exploring this place.
 F = Levels seen in this place.
 G = Mean time per level.
                   A        B        C        D        E       F      G
               +--------+--------+--------+--------+--------+-----+--------+
         Total |  10428 |   9740 |    688 |    698 |      0 |  12 |  869.0 |
       Dungeon |   9806 |   9118 |    688 |    586 |      0 |  10 |  980.6 |
        Temple |      9 |      9 |      0 |      0 |      0 |   1 |    9.0 |
        Bailey |    612 |    612 |      0 |    112 |      0 |   1 |  612.0 |
               +--------+--------+--------+--------+--------+-----+--------+

Top non-repeatable levels by time:
     D:6: 1581 daAuts
     D:1: 1220 daAuts
     D:2: 1049 daAuts
     D:9: 1033 daAuts
     D:5: 996 daAuts
     D:7: 920 daAuts
     D:4: 892 daAuts
     D:3: 870 daAuts
     D:8: 784 daAuts
  Bailey: 612 daAuts
    D:10: 456 daAuts
  Temple: 9 daAuts
